 Dungeon Crawl Stone Soup version 0.26-b1-32-g5d43845318 (webtiles) character file.

Game seed: 6481468810839286903

3575 Borgoz the Carver (level 10, -4/68 HPs)
             Began as a Halfling Fighter on Jan 9, 2021.
             Was a Believer of Kikubaaqudgha.
             Slain by an orc warrior
             ... wielding a +0 halberd
              (10 damage)
             ... on level 7 of the Dungeon.
             The game lasted 00:15:48 (8364 turns).

Borgoz the Carver (Halfling Fighter)                Turns: 8364, Time: 00:15:49

Health: -4/68      AC: 14    Str: 17    XL:     10   Next: 31%
Magic:  10/10      EV: 15    Int:  6    God:    Kikubaaqudgha [**....]
Gold:   415        SH:  7    Dex: 18    Spells: 9/9 levels left

rFire    . . .     SeeInvis .   a - +1 long sword
rCold    . . .     Faith    .   e - +0 buckler
rNeg     . . .     Spirit   .   s - +4 ring mail
rPois    .         Reflect  .   (no helmet)
rElec    .         Harm     .   w - +0 cloak
rCorr    .         Rampage  .   f - +1 pair of gloves
Will     .....                  (no boots)
Stlth    ++........             (no amulet)
HPRegen  0.21/turn              (no ring)
MPRegen  0.12/turn              (no ring)

@: no status effects
A: small, mutation resistance 1
a: Renounce Religion, Receive Corpses


You were on level 7 of the Dungeon.
You worshipped Kikubaaqudgha.
Kikubaaqudgha was pleased with you.
You visited 2 branches of the dungeon, and saw 8 of its levels.
You also visited: Ossuary.

You collected 415 gold pieces.

Inventory:

Hand Weapons
 a - a +1 long sword (weapon)
 b - a +1 dagger of holy wrath
Armour
 c - a +0 kite shield
 e - a +0 buckler (worn)
 f - a +1 pair of gloves (worn)
 g - a +2 chain mail of positive energy
 s - a +4 ring mail (worn)
 w - a +0 cloak (worn)
Jewellery
 r - an uncursed ring of ice
Wands
 o - a wand of flame (2)
 u - a wand of paralysis (9)
Scrolls
 k - 10 scrolls of teleportation
 m - a scroll of enchant armour
 p - 4 scrolls of fear
 q - 4 scrolls of remove curse
 v - a scroll of identify
 x - a scroll of enchant weapon
Potions
 h - 5 potions of haste
 i - a potion of curing
 j - 2 potions of lignification
 l - 3 potions of flight
 n - 2 potions of resistance
 t - a potion of mutation


   Skills:
 + Level 6.2 Fighting
 * Level 9.0 Long Blades
 + Level 7.4 Armour
 + Level 3.8 Dodging
 + Level 4.1 Stealth
 - Level 6.0 Shields


You had 9 spell levels left.
You didn't know any spells.
Your spell library contained the following spells:

 Spells                   Type           Power        Failure   Level
 Corona                   Hex            0%           63%         1
 Pain                     Necr           0%           63%         1
 Corpse Rot               Necr/Air       N/A          77%         2
 Slow                     Hex            0%           77%         2
 Sublimation of Blood     Necr           0%           77%         2
 Inner Flame              Hex/Fire       0%           94%         3
 Portal Projectile        Hex/Tloc       0%           94%         3
 Vampiric Draining        Necr           0%           94%         3
 Cause Fear               Hex            0%           100%        4
 Leda's Liquefaction      Hex/Erth       0%           100%        4


Dungeon Overview and Level Annotations

Branches:
Dungeon (7/15)             Temple (1/1) D:5         Ossuary (visited)

Altars:
Ashenzari
Cheibriados
Dithmenos
Elyvilon
Fedhas
Gozag
Hepliaklqana
Kikubaaqudgha
Makhleb
Nemelex Xobeh
Okawaru
Ru
Sif Muna
Trog
Uskayaw
Vehumet
Wu Jian
Xom
Yredelemnul
Zin
The Shining One

Shops:
D:5 (   D:6 (   D:7 ?


Innate Abilities, Weirdness & Mutations

You are small and have problems with some larger weapons.
You are somewhat resistant to further mutation.


Message History

The orc priest is almost dead.
The orc priest completely misses you.
You closely miss the orc priest.
The orc priest is almost dead.
You block the orc warrior's attack.
The orc priest calls upon Beogh to heal the orc warrior.
The orc warrior is healed somewhat.
You slash the orc priest!
You kill the orc priest!
Kikubaaqudgha accepts your kill. The orc warrior barely misses you.
You hit the orc warrior but do no damage.
The orc warrior is lightly wounded.
The orc warrior hits you with a +0 halberd!
* * * LOW HITPOINT WARNING * * *
You slash the orc warrior!
The orc warrior is moderately wounded.
The orc warrior hits you with a +0 halberd!
You die...
Kikubaaqudgha rasps: "You have failed me!
Welcome... death!"

*,* **,.## ###.###,...... *,*
**..# #.# *,...... *,*** *#.#
#.###,...... ,,,,* #.#
#...#,...... ,,,,* #.#
#.###,...... ,,,,###########.#
#.# *,...... ,,,,.......[....##
#.# *,...... ,,,,...........)o#
##.##**###### ,,,,.......)5..#@#
#...# ,,,,..........5#.# #...#
,,,,############.####...#
,,,,,,,,................#
,,,,,,,,..........###...#
,,,,,,,,........#.###...#
,,,,,,,,........#..###.##
,***,,,,........##.###.##########
,* *,,,,............##...........


You could see an orc warrior.

Vanquished Creatures
  Pikel (D:7)
  Joseph (D:7)
  A spriggan (D:7)
  A wraith (Ossuary)
  Edmund (D:6)
  Menkaure (D:6)
  A water moccasin (D:5)
  Duvessa (D:7)
  An ice beast (D:5)
  A hornet zombie (D:7)
  An orc warrior (D:6)
  3 ogres (D:7)
  A centaur (D:6)
  A big kobold (D:5)
  2 bullfrogs
  Dowan (D:7)
  3 water moccasin skeletons
  A scorpion (D:7)
  A howler monkey (D:4)
  5 wights (D:7)
  2 hounds
  3 orc priests
  8 orc wizards
  A centaur skeleton (D:4)
  An iguana (D:4)
  2 worker ants
  A killer bee zombie (D:5)
  2 hound skeletons
  A mummy (Ossuary)
  Robin (D:3)
  A gnoll (D:1)
  10 adders
  2 shadow imps (D:6)
  A white imp (D:7)
  An ufetubus (D:5)
  An adder skeleton (D:7)
  5 worms
  2 dart slugs (D:2)
  5 leopard geckos
  24 orcs
  4 ball pythons
  9 bats
  5 giant cockroaches
  13 goblins
  9 hobgoblins
  2 jackals (D:5)
  2 quokkas
  4 frilled lizards
  3 gnoll skeletons (Ossuary)
  14 kobolds
  5 kobold skeletons (Ossuary)
  A leopard gecko skeleton (D:7)
  17 orc skeletons (Ossuary)
  13 rats
204 creatures vanquished.

Vanquished Creatures (others)
  An orc wizard (D:7)
1 creature vanquished.

Grand Total: 205 creatures vanquished

Notes
Turn   | Place    | Note
-------+----------+-------------------------------------------
     0 | D:1      | Borgoz the Halfling Fighter began the quest for the Orb.
     0 | D:1      | Reached XP level 1. HP: 15/15 MP: 1/1
   143 | D:1      | Reached XP level 2. HP: 20/20 MP: 2/2
   459 | D:1      | Reached XP level 3. HP: 25/25 MP: 3/3
  1381 | D:2      | Reached XP level 4. HP: 31/31 MP: 4/4
  1389 | D:2      | Reached skill level 3 in Long Blades
  1950 | D:3      | Reached XP level 5. HP: 30/36 MP: 5/5
  2317 | D:3      | Noticed Robin
  2375 | D:3      | Killed Robin
  2397 | D:3      | Reached XP level 6. HP: 42/42 MP: 6/6
  2586 | D:3      | Reached skill level 4 in Long Blades
  3271 | D:4      | Reached XP level 7. HP: 34/47 MP: 7/7
  3914 | D:5      | Entered Level 5 of the Dungeon
  3997 | D:5      | Reached skill level 5 in Long Blades
  4190 | D:5      | Found Jieduz's Weapon Shoppe.
  4311 | D:5      | Reached skill level 5 in Armour
  4311 | D:5      | Reached skill level 5 in Shields
  4529 | D:5      | Reached XP level 8. HP: 37/54 MP: 8/8
  5060 | D:5      | Found a staircase to the Ecumenical Temple.
  5074 | Temple   | Entered the Ecumenical Temple
  5152 | Temple   | Became a worshipper of Kikubaaqudgha
  5285 | D:6      | Reached skill level 6 in Long Blades
  5316 | D:6      | Noticed Menkaure
  5324 | D:6      | Killed Menkaure
  5813 | D:6      | Reached skill level 5 in Fighting
  5814 | D:6      | HP: 2/55 [orc warrior/+0 flail (18)]
  5824 | D:6      | Reached skill level 7 in Long Blades
  5824 | D:6      | Reached XP level 9. HP: 2/61 MP: 9/9
  6200 | D:6      | Found Nunopt's Weapon Boutique.
  6210 | D:6      | Reached * piety under Kikubaaqudgha
  6210 | D:6      | Identified Kikubaaqudgha's Grimoire of Stolen Souls
                  | (Kikubaaqudgha gifted it to you on level 6 of the Dungeon)
  6210 | D:6      | Received a gift from Kikubaaqudgha
  6219 | D:6      | Noticed Edmund
  6243 | D:6      | Killed Edmund
  6827 | D:7      | Noticed Joseph
  6840 | D:7      | Killed Joseph
  6841 | D:7      | Reached skill level 1 in Dodging
  6841 | D:7      | Reached skill level 1 in Stealth
  6907 | D:7      | HP: 2/61 [hornet zombie (7)]
  7226 | D:7      | Reached skill level 8 in Long Blades
  7261 | D:7      | Found Yxotwuxi's Magic Scroll Shoppe.
  7290 | D:7      | Found a sand-covered staircase.
  7296 | Ossuary  | Entered an ossuary
  7484 | Ossuary  | Reached ** piety under Kikubaaqudgha
  7862 | D:7      | Reached XP level 10. HP: 68/68 MP: 10/10
  7978 | D:7      | Noticed Duvessa
  7978 | D:7      | Noticed Dowan
  8008 | D:7      | Killed Duvessa
  8022 | D:7      | Killed Dowan
  8325 | D:7      | Noticed Pikel
  8356 | D:7      | Killed Pikel
  8357 | D:7      | Reached skill level 9 in Long Blades
  8364 | D:7      | Slain by an orc warrior

Illustrated notes

Levels and vault maps discovered:
D:1:      dpeg_arrival_pond, layout_basic, serial_bayou_pond_c
D:2:      layout_rooms
D:3:      layout_basic, hangedman_abyss_or_decor_stabs, uniq_robin
D:4:      layout_gridville
D:5:      layout_rooms, temple_fountains, serial_rivers,
          chequers_serial_rivers_micro_b, chequers_serial_rivers_large_a,
          chequers_serial_rivers_marsh, chequers_serial_rivers_room_b,
          serial_shops, shop
D:6:      layout_cave_pods, serial_shops, shop, hangedman_decor_slide_cut,
          uniq_edmund, uniq_menkaure
D:7:      lemuel_bear_cage, layout_basic, serial_shops,
          nicolae_shop_temple_entry_statues_fountains,
          nicolae_ossuary_entry_plus, the_bakery, uniq_duvessa, uniq_pikel,
          uniq_joseph
Temple:   grunt_wide_crystal_templ

Skill      XL: |  1  2  3  4  5  6  7  8  9 10 |
---------------+-------------------------------+-----
Fighting       | 3 4 5 6 |  6.2
Long Blades    | 3 4 5 7 8 9 |  9.0
Armour         | 4 5 6 7 |  7.4
Shields        | 4 5 6 |  6.0
Dodging        | 2 3 |  3.8
Stealth        | 3 4 |  4.1

Action                   |  1- 3 |  4- 6 |  7- 9 | 10-12 || total
-------------------------+-------+-------+-------+-------++-------
Melee: Long sword        |    82 |   233 |   424 |    79 ||   818
Evoke: Wand              |       |       |    21 |       ||    21
  Use: Scroll            |       |     8 |     7 |       ||    15
       Potion            |       |     2 |     4 |     3 ||     9
 Stab: Paralysed         |       |       |     9 |       ||     9
Armor: Scale mail        |     7 |       |       |       ||     7
       Chain mail        |    35 |   144 |    43 |       ||   222
       Ring mail         |       |       |   125 |    11 ||   136
       Skin              |       |       |       |    31 ||    31
Dodge: Dodged            |    19 |    77 |   160 |    25 ||   281
Block: Kite shield       |    39 |   145 |   157 |       ||   341
       Buckler           |       |       |    42 |    23 ||    65
       Rpst.: Long sword |     9 |    26 |    50 |     7 ||    92
